Cogmind - Beta 12 @@@ ROGUE MODE // 2023.05.08 @ 12:28:40 Player: Zirov Result: Self-destructed Performance ------------- Evolutions (3) 1500 Regions Visited (6) 1200 Robots Destroyed (51) 255 Value Destroyed (1083) 1083 Prototype IDs (28) 560 Alien Tech Used (0) 0 Bonus (269) 269 TOTAL SCORE: 4867 Bonus ------- Follower Combat Kills 145 Aligned with FarCom 300 Friendly Fire -176 Cogmind --------- Core Integrity 579/700 Matter 300/300 Energy 138/140 System Corruption 1% Temperature Cool (16) Movement Hovering (65) Location -7/Factory Parts ------- > --- POWER (2) -------- Light Deuterium Engine > --- PROPULSION (5) --- Airjet Combat Airjet Combat Airjet Combat Airjet > --- UTILITY (4) ------ Medium Storage Unit Advanced Visual Processing Unit Improved Melee Analysis Suite Hacking Suite > --- WEAPON (2) ------- Great Axe Spear > --- INVENTORY (10) --- Armored Wheel Combat Airjet Compact Battery (200) Weight Redist. System Microactuators Cloak of Protection Improved Shield Generator Long-range Tractor Beam Rocket Launcher Axe Peak State ------------ > --- POWER ------------ Light Nuclear Core Light Nuclear Core > --- PROPULSION ------- Airjet Aerolev Unit Combat Airjet Combat Airjet Combat Airjet > --- UTILITY ---------- Medium Storage Unit Advanced Visual Processing Unit Improved Melee Analysis Suite Hacking Suite > --- WEAPON ----------- Great Axe Spear > --- INVENTORY -------- Armored Wheel Combat Airjet Compact Battery Weight Redist. System Microactuators Cloak of Protection Improved Shield Generator Long-range Tractor Beam Rocket Launcher Axe [Rating: 50] Favorites ----------- Power Ion Engine Engine Ion Engine Power Core Light Nuclear Core Propulsion Light Treads Treads Light Treads Wheel Compact Wheel Hover Unit Improved Hover Unit Utility Hacking Suite Device Microactuators Storage Large Storage Unit Processor Advanced Visual Processing Unit Hackware Hacking Suite Protection Medium Armor Plating Weapon Hammer Energy Gun EM Pulse Gun Ballistic Gun Light Assault Rifle Ballistic Cannon Light Cannon Launcher Grenade Launcher Impact Weapon Hammer Slashing Weapon Great Axe Piercing Weapon Spear Build | -11 -10 -10 -10 -9 -8 -7 ------- Run | Jun Mat Min Exi Min Mat Fac Slots Evolved 6 | . . . . . 4 2 Power 1 | . . . . . . 1 Propulsion 3 | . . . . . 2 1 Utility 2 | . . . . . 2 . Weapon . | . . . . . . . Parts Attached 68 | 6 15 1 1 2 30 13 Power 11 | 1 2 . . 1 3 4 Engine 8 | 1 2 . . 1 2 2 Core 3 | . . . . . 1 2 Reactor . | . . . . . . . Propulsion 18 | 2 3 . . . 8 5 Treads 6 | 2 3 . . . 1 . Leg . | . . . . . . . Wheel 1 | . . . . . 1 . Hover 11 | . . . . . 6 5 Flight . | . . . . . . . Utility 22 | 1 3 . . . 16 2 Device 11 | . 1 . . . 9 1 Storage 3 | 1 1 . . . 1 . Processor 2 | . . . . . 1 1 Hackware 1 | . 1 . . . . . Protection 5 | . . . . . 5 . Artifact . | . . . . . . . Weapon 17 | 2 7 1 1 1 3 2 Energy Gun 2 | 1 1 . . . . . Energy Cannon . | . . . . . . . Ballistic Gun 4 | 1 3 . . . . . Ballistic Cannon 1 | . 1 . . . . . Launcher 3 | . 1 1 . 1 . . Special Weapon . | . . . . . . . Impact Weapon 4 | . 1 . 1 . 2 . Slashing Weapon 2 | . . . . . 1 1 Piercing Weapon 1 | . . . . . . 1 Special Melee Weapon . | . . . . . . . Unidentified Prototypes 3 | . . . . . 3 . Corrupted Parts 1 | . 1 . . . . . System Corruption 6 | . 6 . . . . . Parts Lost 10 | . 3 . . . 1 6 Power 3 | . 1 . . . . 2 Propulsion 5 | . 1 . . . . 4 Utility 1 | . . . . . 1 . Weapon 1 | . 1 . . . . . Highest Loss Streak 4 | . 2 . . . 1 4 To Critical Strikes . | . . . . . . . Average Slot Usage (%) 99 | . 99 100 100 100 97 98 Engine 11 | . 14 14 14 14 3 6 Core 1 | . . . . . 5 6 Treads 23 | . 27 28 28 28 8 . Hover 6 | . . . . . 24 37 Device 1 | . . . . . 10 2 Storage 12 | . 14 14 14 14 9 7 Processor 1 | . . . . . 1 11 Hackware 12 | . 12 14 14 14 9 7 Energy Gun 3 | . 10 . . . . . Ballistic Gun 2 | . 9 . . . . . Launcher 4 | . . 13 . 10 . . Impact Weapon 12 | . 7 14 28 17 16 . Naked Turns . | . . . . . . . Heaviest Build 37 | 10 31 30 30 30 37 33 Greatest Support 60 | 40 40 40 40 40 60 52 Greatest Overweight (x) 2 | . 1 . . . 2 . Average Overweight (x) . | . . . . . . . Largest Inventory Capacity 15 | 8 15 15 15 15 15 10 Average Capacity 13 | 7 12 15 15 15 11 10 Most Carried 15 | 3 15 15 15 15 15 10 Average Carried 12 | 1 9 14 14 15 10 9 Final Capacity 15 | 8 15 15 15 15 10 10 Final Carried 15 | 3 15 15 15 15 10 10 Class Distribution -------------------- 92% | Mutant 7% | Scavenger-Mutant Dominant Class ---------------- Mutant | -10/Materials Mutant | -10/Mines Mutant | -10/Exiles Mutant | -9/Mines Mutant | -8/Materials Mutant | -7/Factory Resources | -11 -10 -10 -10 -9 -8 -7 ----------- Run | Jun Mat Min Exi Min Mat Fac Matter Collected 1368 | 257 346 173 . 182 285 125 Remotely 163 | . . . . . 163 . Salvage Created 1807 | . 798 116 . 39 546 308 Parts 80 | . 42 3 . 3 19 13 Haulers Intercepted 5 | . 2 . . . 3 . Recyclers Shooed 6 | . 6 . . . . . Parts Field Recycled . | . . . . . . . Retrieved Matter . | . . . . . . . Parts Self-Destructed . | . . . . . . . Prevented . | . . . . . . . Kills | -11 -10 -10 -10 -9 -8 -7 ------- Run | Jun Mat Min Exi Min Mat Fac Combat Hostiles Destroyed 30 | . 12 5 . 3 7 3 Melee 5 | . . . . . 2 3 Guns 11 | . 11 . . . . . AOE 9 | . 1 5 . 3 . . Classes Destroyed 11 | . 8 1 . . 1 1 Worker 5 | . 1 1 . 2 . 1 Builder 2 | . 1 . . . 1 . Hauler 5 | . 2 . . . 3 . Recycler 5 | . 3 1 . . . 1 Operator 2 | . 1 . . . 1 . Watcher 5 | . 3 . . . 1 1 Swarmer 8 | . 3 2 . 3 . . Grunt 12 | . 9 . . . 2 1 Sentry 5 | . . . . . 5 . Hunter 2 | . . . . . . 2 Assembled 3 | . . 3 . . . . Best Kill Streak 5 | . 5 2 . 4 5 2 Combat Bots Only 3 | . 3 2 . 3 2 2 Max Kills in Single Turn 3 | . 1 2 . 3 1 1 Gunslinging . | . . . . . . . Exploded 3 | . 1 1 . 3 . . Melee 1 | . . . . . 1 1 Uniques/NPCs Destroyed . | . . . . . . . Combat | -11 -10 -10 -10 -9 -8 -7 -------- Run | Jun Mat Min Exi Min Mat Fac Damage Taken 1837 | . 650 172 . 10 405 600 Core 291 | . 104 20 . . 46 121 Absorbed by Shields . | . . . . . . . Regen/Repaired (Parts) 278 | . 138 . . . 140 . Core Remaining (%) 80 | 100 . . . 50 91 . Volleys Fired 83 | . 71 8 . 4 . . Largest 2 | . 2 1 . 1 . . Hottest 60 | . 60 30 . 30 . . Shots Fired 148 | . 133 11 . 4 . . Gun 130 | . 130 . . . . . Cannon 1 | . 1 . . . . . Launcher 17 | . 2 11 . 4 . . Special . | . . . . . . . Kinetic 82 | . 82 . . . . . Thermal 43 | . 43 . . . . . Explosive 17 | . 2 11 . 4 . . Electromagnetic 6 | . 6 . . . . . Robot Hit Streak 10 | . 10 2 . . . . Robot Miss Streak 3 | . 3 2 . . . . Penetration Max . | . . . . . . . Secondary Targets 2 | . 2 . . . . . Max Gunslinging Chain 1 | . 1 . . . . . Shots Hit Robots 141 | . 86 7 . 1 30 17 Core Hits 63 | . 35 13 . 5 4 6 Critical Kills 1 | . . . . . 1 . Critical Parts Destroyed 11 | . . 3 . 1 7 . Critical Strikes 14 | . . 3 . 1 8 2 Smash 12 | . . 3 . 1 8 . Impale 2 | . . . . . . 2 Melee Attacks 94 | . 18 3 . 1 46 26 Impact 67 | . 18 3 . 1 45 . Slashing 3 | . . . . . 1 2 Piercing 24 | . . . . . . 24 Sneak Attacks 15 | . 4 3 . 1 5 2 Combat Hostiles . | . . . . . . . Follow-up Attacks 7 | . . . . . 5 2 Damage Inflicted 3709 | . 1317 665 . 193 885 649 Guns 930 | . 930 . . . . . Cannons . | . . . . . . . Explosions 859 | . 177 542 . 140 . . Melee 1891 | . 198 111 . 48 885 649 Ramming 29 | . 12 12 . 5 . . Kinetic 584 | . 584 . . . . . Thermal 319 | . 319 . . . . . Explosive 859 | . 177 542 . 140 . . Electromagnetic 27 | . 27 . . . . . Impact 1242 | . 198 111 . 48 885 . Slashing 47 | . . . . . . 47 Piercing 602 | . . . . . . 602 Highest Corruption 6 | . 6 6 6 6 . 1 Average Corruption 5 | . 6 6 6 6 . 1 Corruption Purged . | . . . . . . . Corruption Blocked . | . . . . . . . Effects 100 | . 12 42 11 35 . . Message Errors 29 | . 3 13 2 11 . . Matter Fused 25 | . 3 7 5 10 . . Heat Flow Errors 13 | . 2 5 1 5 . . Energy Discharges 13 | . 1 4 2 6 . . Data Loss (minor) 10 | . 3 5 1 1 . . Data Loss (major) 5 | . . 5 . . . . Misfires 3 | . . 3 . . . . Alerts 2 | . . . . 2 . . Overload Shots . | . . . . . . . Overflow Damage 535 | . 91 126 . 61 238 19 Projectiles . | . . . . . . . Explosions 28 | . . 15 . 13 . . Melee 507 | . 91 111 . 48 238 19 Knockbacks 3 | . . 2 . . 1 . Impact 2 | . . 1 . . 1 . Kinetic . | . . . . . . . Secondary 1 | . . 1 . . . . Self-Inflicted Damage 110 | . . 110 . . . . Shots 6 | . . 6 . . . . Rammed 5 | . 3 1 . 1 . . Targets Rammed 5 | . 3 1 . 1 . . Kicked . | . . . . . . . Crushed . | . . . . . . . Highest Temperature 272 | . 272 240 119 249 . 7 Average Temperature 72 | . 61 86 62 101 . 3 Received Heat Transfer 590 | . 294 35 . . 153 108 Effects 1 | . 1 . . . . . Interference 1 | . 1 . . . . . Siege Activations . | . . . . . . . Robots Corrupted . | . . . . . . . Combat Hostiles . | . . . . . . . Parts Fried 15 | . 5 1 . 1 8 . Impact Corruptions 23 | . 4 4 . 2 13 . Robots Melted . | . . . . . . . Combat Hostiles . | . . . . . . . Parts Melted . | . . . . . . . Heat Transferred 725 | . 725 . . . . . Parts Sabotaged . | . . . . . . . Parts Stolen . | . . . . . . . Parts Stripped . | . . . . . . . Power Chain Reactions . | . . . . . . . Missiles Intercepted . | . . . . . . . Alert | -11 -10 -10 -10 -9 -8 -7 ------- Run | Jun Mat Min Exi Min Mat Fac Peak Influence 279 | . 228 73 . 209 279 175 Initial 58 | . . . . . . 58 Average 62 | . 60 27 . 76 90 90 Maximum Alert Level 1 | . 1 . . 1 1 . Low Security (%) 92 | 100 96 100 . 75 89 100 Level 1 7 | . 3 . . 24 10 . Level 2 . | . . . . . . . Level 3 . | . . . . . . . Level 4 . | . . . . . . . Level 5 . | . . . . . . . High Security . | . . . . . . . Max Security . | . . . . . . . Squads Dispatched 8 | . 3 . . . 1 4 Investigation 3 | . 1 . . . . 2 Extermination 1 | . . . . . . 1 Reinforcement 4 | . 2 . . . 1 1 Assault . | . . . . . . . Garrison . | . . . . . . . Intercept . | . . . . . . . Searches Triggered . | . . . . . . . Construction Impeded . | . . . . . . . Haulers Reinforced 1 | . . . . . . 1 Active Scanning Responses . | . . . . . . . Cargo Convoy Interrupts . | . . . . . . . Stealth | -11 -10 -10 -10 -9 -8 -7 --------- Run | Jun Mat Min Exi Min Mat Fac Distress Signals 1 | . . . . . . 1 Communications Jammed . | . . . . . . . Distress Signals . | . . . . . . . Times Spotted 56 | . 20 7 . 8 10 11 Peak Tracking Total 4 | . 4 2 . 4 3 4 Tactical Retreats 3 | . 2 . . 1 . . Traps | -11 -10 -10 -10 -9 -8 -7 ------- Run | Jun Mat Min Exi Min Mat Fac Traps Triggered 3 | . 1 . . . . 2 Indirectly . | . . . . . . . Trap Hack Attempts . | . . . . . . . Triggered . | . . . . . . . Disarmed . | . . . . . . . Reprogrammed . | . . . . . . . Reused . | . . . . . . . Traps Extracted . | . . . . . . . Installed . | . . . . . . . Triggered . | . . . . . . . Machines | -11 -10 -10 -10 -9 -8 -7 ---------- Run | Jun Mat Min Exi Min Mat Fac Machines Disabled 1 | . . . . 1 . . Max in Single Turn 1 | . . . . 1 . . Machines Repaired . | . . . . . . . Machines Sabotaged . | . . . . . . . Overloaded Fab Kills . | . . . . . . . Hacking | -11 -10 -10 -10 -9 -8 -7 --------- Run | Jun Mat Min Exi Min Mat Fac Machines Accessed 23 | . 7 . 2 . 9 5 Terminals 14 | . 6 . . . 7 1 Fabricators 2 | . . . . . . 2 Repair Stations 2 | . 1 . . . 1 . Recycling Units . | . . . . . . . Scanalyzers 3 | . . . . . 1 2 Garrison Access . | . . . . . . . Total Hacks 72 | . 24 . 2 . 33 13 Successful 43 | . 15 . 2 . 20 6 Failed 29 | . 9 . . . 13 7 Catastrophic 4 | . 1 . . . 1 2 Database Lockouts . | . . . . . . . Manual 20 | . 12 . 1 . 4 3 Terminals 44 | . 22 . . . 18 4 Fabricators 5 | . . . . . . 5 Repair Stations 7 | . 2 . . . 5 . Recycling Units . | . . . . . . . Scanalyzers 14 | . . . . . 10 4 Garrison Access . | . . . . . . . Terminal Hacks 23 | . 13 . 2 . 6 2 Record 1 | . . . 1 . . . Robot Analysis 3 | . 2 . . . 1 . Prototype ID Bank 1 | . . . . . 1 . Branch Access Points 3 | . 1 . . . 1 1 Terminal Index 2 | . 1 . . . . 1 Alert Level 1 | . 1 . . . . . Locate Traps 3 | . 2 . . . 1 . Patrol Status 1 | . . . . . 1 . Transport Status 1 | . 1 . . . . . Hauler Manifests 2 | . 2 . . . . . Registered Components 1 | . 1 . . . . . Registered Prototypes 1 | . 1 . . . . . Zone Layout 2 | . 1 . . . 1 . EX-Prototype ID Bank 1 | . . . 1 . . . Fabricator Hacks 2 | . . . . . . 2 Load Schematic 1 | . . . . . . 1 Build 1 | . . . . . . 1 Repair Station Hacks 6 | . 2 . . . 4 . Scan Component 3 | . 1 . . . 2 . Repair 3 | . 1 . . . 2 . Recycling Unit Hacks . | . . . . . . . Scanalyzer 11 | . . . . . 9 2 Insert Component 5 | . . . . . 4 1 Analyze 6 | . . . . . 5 1 Garrison Access Hacks . | . . . . . . . Unauthorized Hacks 1 | . . . . . 1 . Terminals 1 | . . . . . 1 . Assimilate 1 | . . . . . 1 . Fabricators . | . . . . . . . Repair Stations . | . . . . . . . Recycling Units . | . . . . . . . Scanalyzers . | . . . . . . . Garrison Access . | . . . . . . . Data Cores Recovered . | . . . . . . . Used . | . . . . . . . Hacking Detections 19 | . 6 . . . 8 5 Full Trace Events 3 | . . . . . 1 2 Feedback Events . | . . . . . . . Feedback Blocked . | . . . . . . . Robot Schematics Acquired . | . . . . . . . Robots Built . | . . . . . . . Authchips . | . . . . . . . Time . | . . . . . . . Total Robot Build Rating . | . . . . . . . Part Schematics Acquired 4 | . . . . . 3 1 Parts Built 2 | . . . . . . 2 Authchips . | . . . . . . . Time 95 | . . . . . . 95 Total Part Build Rating 10 | . . . . . . 10 Parts Repaired 3 | . 1 . . . 2 . Time 113 | . 13 . . . 100 . Parts Recycled . | . . . . . . . Recycled Matter . | . . . . . . . Retrieved Matter . | . . . . . . . Retrieved Components . | . . . . . . . Parts Scanalyzed 5 | . . . . . 4 1 Part Schematics Acquired 4 | . . . . . 3 1 Parts Damaged 1 | . . . . . 1 . Bothacking | -11 -10 -10 -10 -9 -8 -7 ------------ Run | Jun Mat Min Exi Min Mat Fac Used RIF Installer . | . . . . . . . Robots Hacked . | . . . . . . . Non-combat . | . . . . . . . Combat . | . . . . . . . Robot Hacks Applied . | . . . . . . . Relay Couplers Released . | . . . . . . . Fabnet Peak Effective % . | . . . . . . . Robots Rewired . | . . . . . . . Allies Hacked . | . . . . . . . Hacks Repelled . | . . . . . . . Allies | -11 -10 -10 -10 -9 -8 -7 -------- Run | Jun Mat Min Exi Min Mat Fac Total Allies 16 | . . 3 . 1 . 12 Largest Group 4 | . . 3 3 3 1 4 Highest-Rated Group 84 | . . 40 40 47 16 84 Highest-Rated Ally 31 | . . 16 16 31 16 31 Total Orders . | . . . . . . . Ally Attacks 58 | . . 7 . 26 6 19 Total Damage 535 | . . 56 . 188 71 220 Kills 14 | . . 2 . 6 1 5 Allies Corrupted . | . . . . . . . Allies Melted . | . . . . . . . Intel | -11 -10 -10 -10 -9 -8 -7 ------- Run | Jun Mat Min Exi Min Mat Fac Robot Analysis Total 3 | . 2 . . . 1 . Derelict Logs Recovered 4 | . . 1 . 3 . . Drone Launches . | . . . . . . . Drone Recoveries . | . . . . . . . Exploration | -11 -10 -10 -10 -9 -8 -7 ------------- Run | Jun Mat Min Exi Min Mat Fac Turns Passed 6836 | 98 2109 1433 416 1350 899 531 Spaces Moved 4712 | 56 1105 867 257 832 699 896 Core 2 | 2 . . . . . . Treads 3250 | 54 1105 867 257 832 135 . Legs . | . . . . . . . Wheels 26 | . . . . . 26 . Hover 1434 | . . . . . 538 896 Flight . | . . . . . . . Fastest Speed 42 | 50 160 160 160 160 45 42 Average Speed 126 | 156 160 160 160 160 83 45 Slowest Speed 240 | 160 240 160 160 160 160 65 Overloaded Moves . | . . . . . . . Propulsion Burnouts . | . . . . . . . Robots Hopped . | . . . . . . . Cave-ins Triggered . | . . . . . . . Exploration Rate (%) 62 | 6 99 99 60 99 55 21 Regions Visited 6 Branch Regions 3 Pre-discovered Areas 1 | . . . 1 . . . Known Exits Taken 2 | . 1 . . . 1 . Unknown Exits Taken 4 | 1 . 1 1 1 . . Scrap Searched 3 | . . 1 . 2 . . Spaces Dug 26 | . 10 . . 7 8 1 Terrain Destroyed 149 | . 14 93 . 33 8 1 Melee 19 | . 10 . . . 8 1 Projectile . | . . . . . . . AOE 130 | . 4 93 . 33 . . Terrain Rammed . | . . . . . . . Walls Destroyed . | . . . . . . . Machines Disabled . | . . . . . . . Actions | -11 -10 -10 -10 -9 -8 -7 --------- Run | Jun Mat Min Exi Min Mat Fac Total 5298 | 64 1287 900 262 847 961 977 Wait 248 | . 49 15 1 3 150 30 Move 4706 | 55 1104 866 256 831 698 896 Hop . | . . . . . . . Pick Up 58 | 3 18 3 2 2 23 7 Fast Attach 15 | 6 5 . . . 1 3 Attach 15 | . 3 . . . 8 4 Detach 4 | . 2 . . . 2 . Swap 38 | . 7 1 1 2 21 6 Drop 43 | . 7 3 2 3 21 7 Fire 83 | . 71 8 . 4 . . Melee 83 | . 18 3 . 1 37 24 Ram . | . . . . . . . Kick . | . . . . . . . Crush 5 | . 3 1 . 1 . . Escape Stasis . | . . . . . . . Rewire . | . . . . . . . Trap . | . . . . . . . Miscellaneous . | . . . . . . . Route ------- -11/Junkyard -10/Materials (discovered 4 exits: [*Mat x3] / *Min) -10/Mines (discovered 3 exits: [*Mat x2] / *Exi) -10/Exiles -9/Mines (discovered 2 exits: *Mat x2) -8/Materials (discovered 3 exits: *Fac x3) -7/Factory (discovered 2 exits: *Low x2) History --------- Turn | Location | Event 32 | -11/Junkyard | Discovered new exit (range 15) 99 | -11/Junkyard | Entered Materials 300 | -10/Materials | Build established: Mutant 306 | -10/Materials | Identified exit to Mines 956 | -10/Materials | Discovered new exit (range 14) 1247 | -10/Materials | Discovered new exit (range 5) 1982 | -10/Materials | Discovered new exit (range 16) 2033 | -10/Materials | Repaired Lgt. Treads 2208 | -10/Materials | Entered Mines 2284 | -10/Mines | Assembled infested the area 2368 | -10/Mines | Deemed a non-threat by the Exiles lab entrance 2368 | -10/Mines | Discovered new exit (range 5) 2475 | -10/Mines | Assisted by bots powering up and referring to "LRC-V3" 2536 | -10/Mines | Learned Materials emergency access door positions 2822 | -10/Mines | Found a damaged Exp. Sensor Array with a note attached 2826 | -10/Mines | Found Prototype Device 3270 | -10/Mines | Discovered new exit (range 11) 3481 | -10/Mines | Discovered new exit (range 6) 3641 | -10/Mines | Entered Exiles 3641 | -10/Exiles | Accompanied by 3 allies 3683 | -10/Exiles | Met 8R-AWN 3710 | -10/Exiles | Met EX-HEX 3753 | -10/Exiles | Met EX-BIN 3776 | -10/Exiles | Aligned with FarCom system 3777 | -10/Exiles | Given EX-Vault access code 3816 | -10/Exiles | Opened EX-Vault 3850 | -10/Exiles | Found Cloak of Protection 3884 | -10/Exiles | Warned to stay clear of 0b10 Research branches 3936 | -10/Exiles | Met EX-DEC 3944 | -10/Exiles | Learned location of Zion (-7) 4043 | -10/Exiles | Discovered new exit (range 10) 4057 | -10/Exiles | Left Exiles lab with Cloak of Protection 4057 | -10/Exiles | Entered Mines 4057 | -9/Mines | Accompanied by 3 allies 4068 | -9/Mines | Received a Rocket Launcher from a helpful Derelict 4269 | -9/Mines | Found a hidden stash of uninstalled traps 4293 | -9/Mines | Learned location of 1 exit from Materials 4298 | -9/Mines | Learned Materials stockpile data 4441 | -9/Mines | Discovered new exit (range 11) 4950 | -9/Mines | Discovered new exit (range 15) 4973 | -9/Mines | Received a Mining Laser from a helpful Derelict 5407 | -9/Mines | Entered Materials 5407 | -8/Materials | Accompanied by 1 ally 5407 | -8/Materials | Evolved 4 slots: Propulsion x2, Utility x2 5408 | -8/Materials | Identified exit to Factory 5627 | -8/Materials | Build established: Scavenger-Mutant 5728 | -8/Materials | Identified Exp. Sensor Array 5886 | -8/Materials | Discovered exit to Factory (range 11) 5992 | -8/Materials | Build established: Mutant 6252 | -8/Materials | Repaired Cmb. Airjet 6303 | -8/Materials | Repaired Cmb. Airjet 6306 | -8/Materials | Entered Factory 6306 | -7/Factory | Evolved 2 slots: Power x1, Propulsion x1 6472 | -7/Factory | Identified exit to Lower Caves 6662 | -7/Factory | Lost 4 parts (1p3n) 6686 | -7/Factory | Fabricated Cmb. Airjet (x2) 6837 | -7/Factory | Self-destructed Last Messages --------------- 06711_ Acquired Arm. Wheel. 06714_ Connecting with Scanalyzer... 06724_ 72-SIV(g) suffers critical hit (Burn). 06727_ Triggered Shock Trap. 06727_ The floor emits a surge of raw power. 06727_ System corrupted (+1). 06736_ U-05 Engineer lays Concrete. 06738_ K-01 Serf collects debris. 06749_ Dropped Lgt. Ion Engine. 06752_ Acquired 10 matter. 06758_ Dropped Lgt. Nuclear Core. 06759_ R-06 Scavenger collects Particle Gun. 06762_ Extracted 5 matter. 06767_ R-06 Scavenger collects Lgt. Ion Engine. 06803_ Great Axe follow-up attack on G-47 Trooper. 06806_ ALERT: Rogue bot located, Programmers report to Factory Zone 8Q. 06821_ Lgt. Nuclear Core destroyed. 06823_ Aerolev Unit destroyed. 06826_ G-47 Trooper suffers critical hit (Impale). 06833_ G-47 Trooper destroyed. Map ----- +----------------------------------------------------+ | ??????# """"""" ????????????????????????????? | | ??????# """"""" #????????????????????????????? | | ??????# #????????????????????????????? | | ??????# """"""" #????????????????????????????? | | ??????#^ """"""" #????????????????????????????? | | ??????# """"""" #????????????????????????????? | | ??????# """"""" %##########???????????????????? | | ####### *# ???????????????????? | | + """""""*%# ???????????????????? | | "" # """""""% # """ """???????????????????? | | "" # """"""" # """ """???????????????????? | | # """"""" # """ """ #?????????????????? | | # !% # #?????????????????? | | """"" # """""""* # """ """ #?????????????????? | | ### """"""" + """ """ #?????????????????? | | +##+##### """"""" =# """ """ #?????????????????? | | ## """"""" %+ #?????????????????? | | """ ## !# """ #?????????????????? | | """ ## / # """ """ #?????????????????? | | " !# "" "" # """ G" #?????????????????? | | # "F "" # """ #?????????????????? | | """ # """"" + #?????????????????? | | """ %+ ##+#########?????????????????? | | " # ## #?????????????????????????? | | # #########+####??????????????????????? | | % # # ==! *@#??????????????????????? | | # # == m=#??????????????????????? | | # #/ == #??????????????????????? | | ##+##### # #??????????????????????? | | ## + """" """" #??????????????????????? | | ## # ^"""" """" #??????????????????????? | | ## # ^"""" """" #??????????????????????? | | ## # """"g"""" #??????????????????????? | | """ ## # """" """"g#??????????????????????? | | """ ## # """" """" #??????????????????????? | | """ ## # #??????????????????????? | | ## # ! #??????????????????????? | | """ ## ##############??????????????????????? | | """ ## #???????????????????????????????????? | | """ #???????????????????????????????????? | | #???????????????????????????????????? | | """ #???????????????????????????????????? | | """ #???????????????????????????????????? | | """ #???????????????????????????????????? | | #???????????????????????????????????? | | """ #????????????????? ?????????????????? | | """ #??????????????? ??????????????????? | | """ #############?? ??????????????????? | | + #?? #??????????????????? | | """ #?# """ # #??????????????????? | +----------------------------------------------------+ Best States ------------- Heat Dissipation 35 Energy Generation 23 Energy Capacity 250 Matter Stores 300 Matter Capacity 300 Sight Range 20 Robot Scan Range 20 Terrain Scan Density 10 Cloak Strength 5 Armor Coverage 375 Resistance: KI 20 Melee Speed Boost 20 Evasion (%) 56 Melee Accuracy 6 Recoil Reduction 3 Offensive Hacking 10 Item Schematics ----------------- Cmb. Airjet | -8/Materials | Scanalyzed Med. Treads | -8/Materials | Scanalyzed Lrn. Tractor Beam | -8/Materials | Scanalyzed Titanium Leg | -7/Factory | Scanalyzed Robot Schematics ------------------ None Fabricated ------------ Cmb. Airjet | x2 | -7/Factory Alien Tech Used ----------------- None Achievements -------------- None Challenges ------------ None Game ------ Seed ParticleInsulationGuard Manual? 0 Play Time 01:29:26 Cumulative 77.7 hours Start 2023.05.07 @ 13:52:27 End 2023.05.08 @ 12:28:40 Sessions 2 Manual Loads 0 Difficulty Rogue Special Mode None Game No. 81 Rogue 81 Adventurer 0 Explorer 0 Win Type - Total 0 Types 0/0/0/0/0/0/0/0/0 Lore% 29 Gallery% 36 Achievement% 28 Wizard Run 0 Options --------- ASCII 1 Keyboard 1 Movement Numpad Keybinds 0 Fullscreen 1 Font 18/SmallcapsGlow Map View 76x50 Tactical HUD 1 Map Filters NONE Filters NONE Steam 1 RUN: 27f31149-fe96-46fe-9ec2-183ecf625457